 Dungeon Crawl Stone Soup version 0.22.0-6-g71bd7aa (webtiles) character file.

92 Sqgman the Sneak (level 4, 0/32 HPs)
             Began as a Gnoll Wanderer on Aug 15, 2018.
             Was an Initiate of Vehumet.
             Killed by divine providence
             ... invoked by an orc priest
              (12 damage)
             ... on level 3 of the Dungeon.
             The game lasted 00:11:29 (3232 turns).

Sqgman the Sneak (Gnoll Wanderer)                   Turns: 3232, Time: 00:11:30

Health: 0/32       AC:  4    Str: 15    XL:     4   Next: 60%
Magic:  11/11      EV: 11    Int: 17    God:    Vehumet [......]
Gold:   126        SH:  0    Dex: 12    Spells: 13/13 levels left

rFire    . . .     SeeInvis .   a - +3 spear
rCold    . . .     Gourm    .   (no shield)
rNeg     . . .     Faith    .   h - +0 leather armour
rPois    .         Spirit   .   (no helmet)
rElec    .         Reflect  .   e - +0 cloak
rCorr    .         Harm     .   (no gloves)
MR       .....                  (no boots)
Stlth    +++.......             (no amulet)
HPRegen  0.10/turn              (no ring)
MPRegen  0.12/turn              (no ring)

@: no status effects
A: distributed training, fangs 1, strong nose
a: Renounce Religion


You were on level 3 of the Dungeon.
You worshipped Vehumet.
Vehumet was noncommittal.
You were not hungry.

You visited 1 branch of the dungeon, and saw 3 of its levels.

You collected 126 gold pieces.

Inventory:

Hand Weapons
 a - a +3 spear (weapon)
 d - a +0 dagger
 k - a +1 flail of protection
Missiles
 g - 5 needles of sleeping
Armour
 c - a +0 robe
 e - a +0 cloak (worn)
 h - a +0 leather armour (worn)
Scrolls
 i - 5 scrolls of identify
 j - 2 scrolls of fog
 n - 2 scrolls of remove curse
Potions
 b - 3 potions of curing
 m - a potion of resistance
Comestibles
 f - 7 rations
 l - a chunk of flesh


   Skills:
 + Level 1.1 Fighting
 + Level 1.1 Short Blades
 + Level 1.1 Long Blades
 + Level 1.1 Axes
 + Level 1.1 Maces & Flails
 + Level 2.7 Polearms
 + Level 1.1 Staves
 + Level 1.1 Slings
 + Level 1.1 Bows
 + Level 1.1 Crossbows
 + Level 1.1 Throwing
 + Level 1.1 Armour
 + Level 1.1 Dodging
 + Level 7.8 Stealth
 + Level 1.1 Shields
 + Level 1.1 Unarmed Combat
 + Level 5.1 Spellcasting
 + Level 0.9 Conjurations
 + Level 0.9 Hexes
 + Level 0.9 Charms
 + Level 0.9 Summonings
 + Level 0.9 Necromancy
 + Level 0.9 Translocations
 + Level 0.9 Transmutations
 + Level 2.2 Fire Magic
 + Level 0.9 Ice Magic
 + Level 3.8 Air Magic
 + Level 0.9 Earth Magic
 + Level 0.9 Poison Magic
 + Level 1.2 Invocations
 + Level 1.1 Evocations


You had 13 spell levels left.
You didn't know any spells.
Your spell library was empty.

Dungeon Overview and Level Annotations

Branches:
Dungeon (3/15)

Altars:
Cheibriados
Vehumet

Annotations:
D:3 3 runed doors, conein's ghost, amateur MfTm


Innate Abilities, Weirdness & Mutations

Your experience applies equally to all skills.
You have very sharp teeth.
Your uncanny sense of smell can sniff out nearby items.


Message History

An orc comes into view. It is wielding a hand axe.
An orc priest and an orc wizard come into view.
The orc wizard shouts!
The orc priest shouts!
The orc throws a tomahawk.
The tomahawk hits you.
Found a pair of gloves.
You see here a tomahawk.
A bat comes into view.
The orc throws a tomahawk.
The tomahawk barely misses you.
The orc wizard gestures at you while chanting.
The magic dart hits you!
The orc priest mumbles some strange prayers to Beogh against you.
Beogh smites you! The orc hits you with a hand axe.
Found 2 scrolls of identify.
The bat hits you but does no damage.
The orc wizard gestures at you while chanting.
You resist with some effort. The orc priest misses you.
The bat closely misses you.
The orc priest calls down the wrath of Beogh upon you.
Beogh smites you!
You die...

#....................
#
#.....................
# #...(.......... #
#............##
#......(.....#
...$.........#
.......o.....+
!............#
.......@oo...#
........o....#
.......b.....#
[............#
.............#
....?.........#
..............#
..............#


You could see an orc priest, an orc wizard, 2 orcs and a bat.

Vanquished Creatures
  3 worms
  3 dart slugs (D:1)
  A leopard gecko (D:1)
  4 orcs
  7 giant cockroaches
  7 goblins
  6 hobgoblins
  12 jackals
  A ball python (D:3)
  7 bats
  6 frilled lizards
  4 kobolds
  2 rats (D:1)
63 creatures vanquished.

Notes
Turn   | Place    | Note
-------+----------+-------------------------------------------
     0 | D:1      | Sqgman the Gnoll Wanderer began the quest for the Orb.
     0 | D:1      | Sqgman set off with: a +2 spear, 2 potions of curing, a +0 robe, a +0 dagger, a ration
     0 | D:1      | Reached XP level 1. HP: 13/13 MP: 6/6
   384 | D:1      | Reached XP level 2. HP: 13/19 MP: 7/7
   960 | D:1      | Reached XP level 3. HP: 7/25 MP: 9/9
  1167 | D:1      | Reached skill level 5 in Spellcasting
  1978 | D:2      | Reached skill level 1 in Invocations
  2253 | D:2      | Reached skill level 1 in Fighting
  2253 | D:2      | Reached skill level 1 in Short Blades
  2253 | D:2      | Reached skill level 1 in Long Blades
  2253 | D:2      | Reached skill level 1 in Axes
  2253 | D:2      | Reached skill level 1 in Maces & Flails
  2253 | D:2      | Reached skill level 1 in Staves
  2253 | D:2      | Reached skill level 1 in Slings
  2253 | D:2      | Reached skill level 1 in Bows
  2253 | D:2      | Reached skill level 1 in Crossbows
  2253 | D:2      | Reached skill level 1 in Throwing
  2253 | D:2      | Reached skill level 1 in Armour
  2253 | D:2      | Reached skill level 1 in Dodging
  2253 | D:2      | Reached skill level 1 in Shields
  2253 | D:2      | Reached skill level 1 in Unarmed Combat
  2253 | D:2      | Reached skill level 1 in Evocations
  2287 | D:2      | Reached XP level 4. HP: 23/32 MP: 11/11
  2642 | D:2      | Found a radiant altar of Vehumet.
  2651 | D:2      | Became a worshipper of Vehumet
  2684 | D:2      | Found a snail-covered altar of Cheibriados.
  3174 | D:3      | Found a runed gate.
  3174 | D:3      | Found a runed gate.
  3174 | D:3      | Found a runed gate.
  3174 | D:3      | Noticed conein's ghost (amateur MfTm)
  3232 | D:3      | Killed from afar by an orc priest

Skill      XL: |  1  2  3 |
---------------+----------+-----
Fire Magic     | 2 |  2.2
Spellcasting   | 5 |  5.1
Invocations    | 1 |  1.2
Fighting       | 1 |  1.1
Short Blades   | 1 |  1.1
Long Blades    | 1 |  1.1
Axes           | 1 |  1.1
Maces & Flails | 1 |  1.1
Staves         | 1 |  1.1
Slings         | 1 |  1.1
Bows           | 1 |  1.1
Crossbows      | 1 |  1.1
Throwing       | 1 |  1.1
Armour         | 1 |  1.1
Dodging        | 1 |  1.1
Shields        | 1 |  1.1
Unarmed Combat | 1 |  1.1
Evocations     | 1 |  1.1
Polearms       | |  2.7
Stealth        | |  7.8
Conjurations   | |  0.9
Hexes          | |  0.9
Charms         | |  0.9
Summonings     | |  0.9
Necromancy     | |  0.9
Translocations | |  0.9
Transmutations | |  0.9
Ice Magic      | |  0.9
Air Magic      | |  3.8
Earth Magic    | |  0.9
Poison Magic   | |  0.9

Action                   |  1- 3 |  4- 6 || total
-------------------------+-------+-------++-------
Melee: Spear             |   135 |    71 ||   206
       Bite              |    17 |     5 ||    22
       Punch             |       |     1 ||     1
  Use: Scroll            |     7 |     2 ||     9
       Potion            |     1 |     1 ||     2
 Stab: Sleeping          |     5 |     4 ||     9
  Eat: Chunk             |     2 |     2 ||     4
       Ration            |     1 |       ||     1
Armor: Robe              |    12 |       ||    12
       Leather armour    |    38 |    21 ||    59
Dodge: Dodged            |    91 |    40 ||   131
